 Dungeon Crawl Stone Soup version 0.30.1-9-gdf580d7c3d (webtiles) character file.

Game seed: 10547686618969705589

6199 Zonian the Thaumaturge (level 10, -4/50 HPs)
             Began as a Deep Elf Ice Elementalist on Oct 16, 2023.
             Was a Believer of Ashenzari.
             Slain by a white ugly thing (23 damage)
             ... on level 9 of the Dungeon.
             The game lasted 00:51:54 (15159 turns).

Zonian the Thaumaturge (Deep Elf Ice Elementalist) Turns: 15159, Time: 00:51:55

Health: -4/50      AC:  8    Str:  5    XL:     10   Next: 61%
Magic:  20/26      EV: 12    Int: 25    God:    Ashenzari [**....]
Gold:   174        SH:  8    Dex: 15    Spells: 15/30 levels left

rFire   . . .        F - +1 quick blade (freeze)
rCold   . . .        I - +0 buckler of the Ruined Sybil {Self, Cun} (curse)
rNeg    . . .        N - +2 leather armour "Urgency of Ashenzari" {Will+, Comp, Elem} (curse)
rPois   .            (no helmet)
rElec   .            (no cloak)
rCorr   +            q - +1 Delatra's gloves {ID++}
SInv    +            K - +0 pair of boots "Share My Apathy" {Cun, Comp} (curse)
Will    ++...        A - amulet "Visionary Stickiness" {Reflect SH+5, Cun, Fort} (curse)
Stlth   +++          H - ring of resist corrosion
HPRegen 0.28/turn    (no ring)
MPRegen 0.20/turn

%: reflection
@: no status effects
A: no striking features
a: Renounce Religion, Shatter the Chains


You were on level 9 of the Dungeon.
You worshipped Ashenzari.
Ashenzari was pleased with you.
You visited 2 branches of the dungeon, and saw 12 of its levels.
You also visited: Sewer.

You collected 440 gold pieces.
You spent 266 gold pieces at shops.

Inventory:

Hand Weapons
 i - a +1 dagger of draining
 k - a +2 whip of electrocution
 p - a +0 war axe
 x - a +2 long sword of pain
 F - a +1 quick blade of freezing (weapon)
 M - a +5 short sword
 O - the +8 long sword of Disharmony {drain, rN+ Will++ Int+3}
   (You found it on level 9 of the Dungeon)

   Int:       It affects your intelligence (+3).
   rN:        It protects you from negative energy.
   Will:      It greatly increases your willpower.
 P - the +8 demon trident "Rift" {distort, reach+}
   (You took it off an orc warrior on level 9 of the Dungeon)
Missiles
 m - 21 poisoned darts
 D - 9 boomerangs
Armour
 a - a +0 robe
 e - a +0 troll leather armour {Pargi}
 g - a +0 leather armour
 q - the +1 Delatra's gloves (worn) {ID++}
   (You found it on level 2 of the Dungeon)

   ID++:      It heals its wearer when they drink unknown potions, and restores
   their MP when they read unknown scrolls.
 I - the cursed +0 buckler of the Ruined Sybil (worn) {Self, Cun}
   (You found it on level 5 of the Dungeon)

   It has a curse which improves the following skills: Introspection: Fighting
   and Spellcasting.
   Cunning:   Dodging and Stealth.
 K - the cursed +0 pair of boots "Share My Apathy" (worn) {Cun, Comp}
   (You found it on level 8 of the Dungeon)

   It has a curse which improves the following skills: Cunning: Dodging and
   Stealth.
   Companions: Summonings and Necromancy.
 L - a +1 pair of gloves
 N - the cursed +2 leather armour "Urgency of Ashenzari" (worn) {Will+, Comp, Elem}
   (You bought it in a shop on level 5 of the Dungeon)

   It has a curse which improves the following skills: Companions: Summonings
   and Necromancy.
   Elements:  Fire Magic, Ice Magic, Air Magic and Earth Magic.
Magical Staves
 j - a staff of fire
 z - a staff of air
Jewellery
 o - an amulet of magic regeneration
 t - an amulet of guardian spirit
 A - the cursed amulet "Visionary Stickiness" (around neck) {Reflect SH+5, Cun, Fort}
   (You found it on level 3 of the Dungeon)

   [amulet of reflection]

   It reflects blocked missile attacks.
   SH:        It affects your SH (+5).
   It has a curse which improves the following skills: Cunning: Dodging and
   Stealth.
   Fortitude: Armour and Shields.
 H - a ring of resist corrosion (left hand)
Wands
 G - a wand of flame (31)
Scrolls
 h - 2 scrolls of teleportation
 l - 2 scrolls of poison
 n - a scroll of fog
 u - 2 scrolls of blinking
 v - 3 scrolls of amnesia
 y - a scroll of summoning
Potions
 b - a potion of magic
 d - 2 potions of heal wounds
 f - 6 potions of curing
 r - 2 potions of brilliance
 s - 7 potions of lignification
 w - 5 potions of might
 B - a potion of invisibility
 C - 3 potions of mutation
 E - a potion of flight
 J - 3 potions of haste
Miscellaneous
 Q - a phial of floods
 R - a lightning rod (4/4)


   Skills:
 - Level 5.0(5.2) Short Blades
 + Level 1.7(3.4) Long Blades
 - Level 2.9(3.9) Armour
 - Level 3.5(5.6) Dodging
 - Level 4.8(7.0) Stealth
 + Level 0.0(0.1) Shields
 - Level 9.7(10.9) Spellcasting
 - Level 7.2 Conjurations
 - Level 8.7 Hexes
 - Level 9.0(10.2) Ice Magic
 + Level 2.1(3.1) Earth Magic


You had 15 spell levels left.
You knew the following spells:

 Your Spells              Type           Power      Damage    Failure   Level
a - Freeze                Ice            100%       1d10      1%          1
b - Frozen Ramparts       Ice            100%       1d16      1%          3
c - Ozocubu's Armour      Ice            59%        N/A       1%          3
d - Dazzling Flash        Conj/Hex       100%       N/A       1%          3
e - Ensorcelled Hibernat  Hex/Ice        100%       N/A       1%          2
f - Stone Arrow           Conj/Erth      78%        3d11      4%          3

Your spell library contained the following spells:

 Spells                   Type           Power      Damage    Failure   Level
 Sandblast                Erth           58%        2d13      3%          1
 Shock                    Conj/Air       100%       1d9       3%          1
 Passwall                 Tmut/Erth      17%        N/A       11%         2
 Summon Ice Beast         Ice/Summ       39%        N/A       16%         4
 Cigotuvi's Dreadful Rot  Necr/Pois/Air  28%        N/A       19%         2
 Lesser Beckoning         Tloc           26%        N/A       21%         2
 Sticky Flame             Conj/Fire      32%        2d5       28%         4
 Iskenderun's Mystic Bla  Conj/Tloc      31%        2d8       30%         4
 Freezing Cloud           Conj/Ice/Air   21%        6-21      32%         5
 Ignite Poison            Fire/Tmut/Pois 13%        N/A       36%         3
 Swiftness                Air            14%        N/A       36%         3
 Volatile Blastmotes      Fire/Tloc      26%        2d12      36%         3
 Gell's Gravitas          Tloc           13%        N/A       38%         3
 Teleport Other           Tloc           13%        N/A       38%         3
 Airstrike                Air            7%         2d(1-17)  77%         4
 Animate Dead             Necr           14%        N/A       77%         4
 Dispel Undead            Necr           14%        3d10      77%         4
 Agony                    Necr           14%        N/A       98%         5
 Starburst                Conj/Fire      16%        6d6       99%         6
 Death Channel            Necr           7%         N/A       100%        6
 Eringya's Noxious Bog    Tmut/Pois      6%         N/A       100%        6
 Ignition                 Fire           7%         3d4       100%        8


Dungeon Overview and Level Annotations

Branches:
Dungeon (11/15)            Temple (1/1) D:4             Orc (0/2) D:9
  Sewer (visited)
   Lair: D:8-11

Altars:
Ashenzari
Cheibriados
Dithmenos
Elyvilon
Fedhas
Gozag
Hepliaklqana
Makhleb
Nemelex Xobeh
Okawaru
Qazlal
Ru
Sif Muna
Uskayaw
Vehumet
Wu Jian
Xom
Yredelemnul
Zin
The Shining One

Shops:
D:5 [   D:7 (


Message History

You start resting.
Magic restored.
You start resting.
You sense a monster nearby.
Unknown command.
You start resting.
A rime drake comes into view.
A rime drake is nearby!
Unknown command.
Unknown command.
Unknown command.
Okay, then.
Casting: Ozocubu's Armour (safe; 1% risk of failure)
Confirm with . or Enter, or press ? or * to list all spells.
Okay, then.
Things that are here:
5 stones; a +0 club; a +0 dagger You see here a +0 short sword.
Things that are here:
a +0 dagger; a +0 short sword of distortion You see here a +0 club.
A wind drake comes into view.
You start waiting.
Done waiting.
Unknown command.
There is a stone staircase leading down here.
There is a stone staircase leading down here.
The white ugly thing gurgles horribly!
Casting: Ozocubu's Armour (safe; 1% risk of failure)
Confirm with . or Enter, or press ? or * to list all spells.
Casting: Dazzling Flash (safe; 1% risk of failure)
Press: ? - help, Dir - look around, f - activate The white ugly thing pecks you!
The white ugly thing freezes you!
Unknown command.
Casting: Dazzling Flash (safe; 1% risk of failure)
Confirm with . or Enter, or press ? or * to list all spells.
Casting: Dazzling Flash (safe; 1% risk of failure)
Press: ? - help, Dir - look around, f - activate The white ugly thing pecks you!
The white ugly thing freezes you!!
You die...

,##..# #..## #..## #..# #...#
#.## #...## #..## #...## #.##
#....######...## ^#....###>.##
#.....)))......##
#.....##...####.######).......#
####..####.....## ###...##.#
######..# ####...# ##..##*##
...#.#..# ###.# ##..##
.###....# #@# ##..## ..÷.....##
#u#####..##
.......#.#######...##..##
......................##
####....######....#..##
○.......#............#
°.......#......##....#
........#......##...##
........#...^.......#


You could see a white ugly thing.

Vanquished Creatures
  A centaur warrior (D:10)
  A deep elf pyromancer (D:9)
  A kobold demonologist (D:9)
  A komodo dragon (D:11)
  3 yaks (D:10)
  A vampire mosquito (D:9)
  A steam dragon (D:9)
  A water moccasin (D:9)
  Pargi (Sewer)
  A sky beast (D:6)
  An ice beast (D:11)
  8 orc warriors
  A black bear (D:6)
  3 ogres
  2 centaurs
  A phantom (D:6)
  2 kobold brigands
  A bullfrog (D:10)
  A gnoll sergeant (D:8)
  2 scorpions (D:4)
  8 wights
  3 killer bees (D:10)
  6 hounds
  A jelly (D:6)
  12 orc priests
  6 iguanas
  Terence (D:3)
  8 orc wizards
  10 gnolls
  16 adders
  3 river rats (D:3)
  A shadow imp (D:7)
  An ufetubus (D:5)
  5 worms (D:3)
  3 dart slugs
  48 orcs
  5 endoplasms
  4 giant cockroaches
  6 goblins
  6 hobgoblins
  16 kobolds
  A quokka (D:5)
  10 ball pythons
  6 bats
  8 frilled lizards
  11 rats
239 creatures vanquished.

Notes
Turn   | Place    | Note
-------+----------+-------------------------------------------
     0 | D:1      | Zonian the Deep Elf Ice Elementalist began the quest for
                  | the Orb.
     0 | D:1      | Reached XP level 1. HP: 10/10 MP: 6/6
    10 | D:1      | Found a faded altar of an unknown god.
   538 | D:1      | Reached XP level 2. HP: 13/15 MP: 6/8
  1211 | D:1      | Reached XP level 3. HP: 19/19 MP: 7/10
  2210 | D:2      | Found the +1 Delatra's gloves {ID++}
  2232 | D:2      | Reached XP level 4. HP: 18/24 MP: 9/12
  2482 | D:3      | Reached skill level 5 in Ice Magic
  2486 | D:3      | Learned a level 3 spell: Frozen Ramparts
  2490 | D:3      | Learned a level 3 spell: Ozocubu's Armour
  2494 | D:3      | Learned a level 3 spell: Dazzling Flash
  2559 | D:3      | Found a glowing drain.
  2592 | Sewer    | Entered a sewer
  2719 | Sewer    | Reached XP level 5. HP: 28/28 MP: 11/13
  2754 | Sewer    | Reached skill level 1 in Hexes
  2925 | Sewer    | Noticed Pargi
  2932 | Sewer    | Killed Pargi
  2933 | Sewer    | Reached skill level 1 in Conjurations
  3484 | D:3      | Reached XP level 6. HP: 27/32 MP: 12/15
  4695 | D:3      | Found a hide-covered altar of Uskayaw.
  4723 | D:3      | Reached skill level 5 in Spellcasting
  5332 | D:3      | Got Burewn's Precepts of Unholy Secrets and Filth
  5516 | D:3      | Found a shimmering blue altar of Sif Muna.
  5525 | D:3      | Noticed Terence
  5538 | D:3      | Killed Terence
  6571 | D:4      | Reached XP level 7. HP: 25/36 MP: 15/17
  6840 | D:4      | Learned a level 2 spell: Ensorcelled Hibernation
  6934 | D:4      | Found a staircase to the Ecumenical Temple.
  6947 | Temple   | Entered the Ecumenical Temple
  6988 | Temple   | Became a worshipper of Ashenzari the Shackled
  7493 | D:4      | Found a hazy altar of Hepliaklqana.
  7545 | D:5      | Entered Level 5 of the Dungeon
  8155 | D:5      | Found Jaeleqej's Armour Shoppe.
  8692 | D:6      | Reached skill level 5 in Hexes
  8692 | D:6      | Reached XP level 8. HP: 36/41 MP: 15/20
  9063 | D:6      | Found a glowing golden altar of the Shining One.
  9428 | D:6      | Reached skill level 5 in Conjurations
  9490 | D:6      | Found an ornate altar of the Wu Jian Council.
 10317 | D:7      | Found Ranum's Weapon Boutique.
 10342 | D:7      | Reached * piety under Ashenzari
 10688 | D:8      | You fall into a shaft and drop 3 floors!
 10710 | D:11     | Noticed a komodo dragon
 10740 | D:11     | Killed a komodo dragon
 10741 | D:11     | Reached skill level 1 in Short Blades
 10741 | D:11     | Reached XP level 9. HP: 45/45 MP: 6/24
 10874 | D:11     | Noticed a white ugly thing
 10909 | D:10     | Entered Level 10 of the Dungeon
 11019 | D:10     | Noticed a centaur warrior
 11029 | D:10     | Killed a centaur warrior
 11059 | D:10     | Noticed a two-headed ogre
 11370 | D:10     | Identified a scroll of acquirement
 11383 | D:10     | Acquired a +1 quick blade of freezing
 11584 | D:8      | Reached XP level 10. HP: 44/50 MP: 26/26
 11749 | D:8      | Reached ** piety under Ashenzari
 12253 | D:5      | Bought a +2 leather armour of willpower for 266 gold pieces
 13222 | D:9      | Noticed a deep elf pyromancer
 13389 | D:9      | Identified the +8 long sword of Disharmony {drain, rN+
                  | Will++ Int+3}
 13475 | D:9      | Noticed a red ugly thing
 13635 | D:9      | Found a staircase to the Orcish Mines.
 13658 | D:9      | Reached skill level 1 in Armour
 13730 | D:9      | Noticed a deep elf pyromancer
 13738 | D:9      | Killed a deep elf pyromancer
 13755 | D:9      | Noticed a steelbarb worm
 13768 | D:8      | Reached skill level 5 in Short Blades
 13886 | D:8      | Learned a level 3 spell: Stone Arrow
 14018 | D:9      | Reached skill level 1 in Earth Magic
 14431 | D:9      | Reached skill level 1 in Long Blades
 14645 | D:9      | Noticed a white ugly thing
 14646 | D:9      | Noticed a red ugly thing
 15159 | D:9      | Slain by a white ugly thing

Illustrated notes

Levels and vault maps discovered:
D:1:      minmay_arrival_plants_in_alcoves, layout_basic,
          chequers_ecumenical_altar_simple_redux, st_stairs_5
D:2:      layout_basic, pf_guarded_unrand_delatra
D:3:      layout_loops_corners, mainiacjoe_overflow_small_starburst,
          nicolae_overflow_crystal_walls, lightli_sewer_entry_pipes,
          uniq_terence
D:4:      layout_cave_pools, nicolae_hepliaklqana_hippocampus,
          minmay_temple_entry_mist
D:5:      layout_cave_pods, serial_shops, nicolae_shop_real_fake_doors,
          nicolae_half_adder
D:6:      layout_basic, mainiacjoe_overflow_catwalk,
          nicolae_tso_swordbearing_angel
D:7:      layout_rooms, serial_shops, nicolae_shop_tiny_statue_garden,
          nrook_mini_vaults
D:8:      layout_loops_cross
D:9:      minmay_cut_squares, layout_layer_cave, david_orc_2, nzn_random_ring
D:10:     nzn_winding_woodlands_three_and_one
          [nzn_winding_woodlands_5x15_river_crossing,
          nzn_winding_woodlands_5x15_pool, nzn_winding_woodlands_5x15_garden,
          nzn_winding_woodlands_center_lodge], layout_basic,
          mainiacjoe_overflow_alcove_1, tgw_kikubaaqudgha,
          grunt_lair_entry_orc_guard_hut, special_room [special_room_orc],
          nicolae_fountain_basement
D:11:     layout_roguey, serial_ice, serial_ice_c, serial_ice_f, serial_ice_j,
          serial_ice_h, elves_outpost_lemuel
Temple:   hellmonk_temple_two_chambers

Skill      XL: |  1  2  3  4  5  6  7  8  9 10 |
---------------+-------------------------------+-----
Stealth        | 3 4 |  4.8
Dodging        | 3 |  3.5
Spellcasting   | 4 5 6 8 9 |  9.7
Ice Magic      | 5 6 7 8 9 |  9.0
Hexes          | 2 3 5 6 8 |  8.7
Conjurations   | 1 2 4 5 6 7 |  7.2
Short Blades   | 1 3 5 |  5.0
Armour         | 2 |  2.9
Earth Magic    | 2 |  2.1
Long Blades    | 1 |  1.7

Action                     |  1- 3 |  4- 6 |  7- 9 | 10-12 || total
---------------------------+-------+-------+-------+-------++-------
  Melee: Unarmed           |     4 |       |       |       ||     4
         Whip              |    18 |    65 |    83 |    16 ||   182
         Dagger            |     2 |       |    92 |       ||    94
         Punch             |     1 |     1 |       |       ||     2
         Quick blade       |       |       |    16 |    31 ||    47
         Short sword       |       |       |       |    85 ||    85
         Long sword        |       |       |       |     5 ||     5
  Throw: Dart              |       |       |     6 |     4 ||    10
         Boomerang         |       |       |     1 |       ||     1
   Cast: Freeze            |    50 |    25 |     7 |       ||    82
         Frozen Ramparts   |       |    22 |    38 |    15 ||    75
         Ozocubu's Armour  |       |     1 |    13 |     9 ||    23
         Ensorcelled Hiber |       |       |    10 |     7 ||    17
         Dazzling Flash    |       |       |     7 |     3 ||    10
 Invoke: Curse Item        |       |       |     2 |     2 ||     4
  Evoke: Wand              |       |       |     4 |     1 ||     5
    Use: Scroll            |     1 |     5 |    10 |     4 ||    20
         Potion            |     1 |       |     4 |     1 ||     6
   Stab: Sleeping          |     6 |     3 |    11 |     9 ||    29
         Invisible         |       |       |     3 |       ||     3
 Armour: Robe              |     4 |    23 |    44 |     5 ||    76
         Leather armour    |       |       |       |    26 ||    26
  Dodge: Dodged            |    28 |    59 |    89 |    47 ||   223
  Block: Other             |       |     7 |     5 |       ||    12
         Reflection        |       |     1 |     2 |     2 ||     5
         Buckler           |       |       |    55 |    51 ||   106
